[Event "45th FIDE Olympiad 2024"]
[Site "Budapest"]
[Date "2024.09.19"]
[Round "8.39"]
[White "David, Leroy Debblay"]
[Black "Amewounou, Komlan Kouessan"]
[Result "0-1"]
[WhiteElo "1904"]
[BlackElo "1825"]
[PlyCount "112"]
[EventDate "2024.09.05"]
[EventType "team-tourn"]
[EventCountry "HUN"]
[WhiteTeam "Liberia"]
[BlackTeam "Togo"]
[WhiteTeamCountry "LBR"]
[BlackTeamCountry "TOG"]
[TimeControl "40/5400+30:1800+30"]

1. d4 e5 2. dxe5 d6 3. Nf3 Bg4 4. e3 Nc6 5. Be2 Qd7 6. O-O O-O-O 7. Qd5 h5 8. Bb5 Nge7 9. Bxc6 Nxc6 10. Nbd2 dxe5 11. Qxd7+ Rxd7 12. h3 Bxf3 13. Nxf3 f6 14. c3 g5 15. Kh2 g4 16. Nh4 e4 17. Nf5 Ne5 18. a4 gxh3 19. Kxh3 Rg8 20. a5 Rg5 21. Nh4 Ng6 22. Nxg6 Rxg6 23. Ra4 f5 24. Rd4 Rdg7 25. Rd5 Rxg2 26. Rxf5 Bd6 27. Rh1 Rg1 28. Rxg1 Rxg1 29. Bd2 Rh1+ 30. Kg2 Rd1 31. Rd5 Kd7 32. b4 Ke6 33. c4 c6 34. Rd4 Ke5 35. Bc3 Rxd4 36. exd4+ Ke6 37. Kh3 Be7 38. Kg3 Bg5 39. Be1 Kf5 40. Bc3 a6 41. Kh3 e3 42. fxe3 Bxe3 43. d5 cxd5 44. cxd5 Bf4 45. Kh4 Ke4 46. b5 axb5 47. Kxh5 Kxd5 48. Kg4 Bc7 49. Kf3 Kc4 50. Bf6 Kd3 51. Kf2 Bxa5 52. Bg5 Bc3 53. Kf3 b4 54. Be7 b3 55. Ba3 b2 56. Bxb2 Bxb2 {0-} 0-1

[Event "45th FIDE Olympiad 2024"]
[Site "Budapest"]
[Date "2024.09.19"]
[Round "8.40"]
[White "Mamedyarov, Shakhriyar"]
[Black "Brunello, Sabino"]
[Result "1/2-1/2"]
[ECO "A14"]
[WhiteElo "2733"]
[BlackElo "2511"]
[Annotator "TA"]
[PlyCount "98"]
[EventDate "2024.09.05"]
[EventType "team-tourn"]
[EventCountry "HUN"]
[SourceTitle "playchess.com"]
[Source "ChessBase"]
[SourceQuality "1"]
[WhiteTeam "Azerbaijan"]
[BlackTeam "Italy"]
[WhiteTeamCountry "AZE"]
[BlackTeamCountry "ITA"]
[TimeControl "40/5400+30:1800+30"]

1. c4 e6 2. g3 d5 3. Bg2 Nf6 4. Nf3 Be7 5. O-O O-O 6. d3 c5 7. Ne5 Nbd7 8. Nxd7 Qxd7 9. e4 {[%emt 0:03:07] White has an edge.} b6 10. f4 dxe4 11. dxe4 {[%emt 0:02:25] [#] e5 would now be deadly.} Ba6 12. e5 Rad8 13. Qxd7 Nxd7 14. b3 b5 15. cxb5 $1 Bxb5 16. Re1 Nb6 17. Nc3 Bd3 18. Ba3 Rd7 19. Red1 Rc8 20. Kf2 (20. Ne4 $14) 20... f6 (20... c4 $5 21. Bxe7 cxb3 22. axb3 Rxc3 $17) 21. Bh3 Kf7 22. Re1 {[%emt 0:05:01] [#] Black must now prevent exf6.} f5 23. Rac1 (23. Bf1 $11) 23... a5 (23... g5 $15 24. Ne2 Be4) 24. Red1 $11 c4 25. Bxe7 Kxe7 26. Ke3 Rcd8 27. Bg2 cxb3 28. axb3 Ba6 29. Rxd7+ Rxd7 30. Rd1 Rxd1 31. Nxd1 {[%emt 0:00:06][%mdl 4096] Endgame. KBN-KBN} a4 32. bxa4 Nxa4 33. Kd4 Nb6 34. Bc6 Nc4 35. Bb7 Bb5 36. Nc3 Na5 37. Bd5 Be8 38. Ba2 Nb7 39. Kc4 h6 40. Kb4 g5 41. Ne2 Nd8 42. Kc5 Nf7 43. Nd4 Bd7 44. Nf3 gxf4 45. gxf4 Nh8 46. Nh4 {[%emt 0:00:00] Prevents Ng6} Be8 {[%emt 0:01:19] The position is equal.} 47. Bb3 Bh5 48. Kd4 Ng6 49. Nxg6+ Bxg6 {[%emt 0:00:02] Weighted Error Value: White=0.06 (flawless) /Black=0.05 (flawless) .  Mistake:       	White=2     	Black=1      OK:         	White=18    	Black=22     Best:        	---       	Black=2      Strong:       	White=1     	---} 1/2-1/2

[Event "45th FIDE Olympiad 2024"]
[Site "Budapest"]
[Date "2024.09.19"]
[Round "8.40"]
[White "Fumey, Enyonam Sewa"]
[Black "Arnold, Smith"]
[Result "0-1"]
[WhiteElo "1845"]
[BlackElo "1915"]
[PlyCount "48"]
[EventDate "2024.09.05"]
[EventType "team-tourn"]
[EventCountry "HUN"]
[WhiteTeam "Togo"]
[BlackTeam "Liberia"]
[WhiteTeamCountry "TOG"]
[BlackTeamCountry "LBR"]
[TimeControl "40/5400+30:1800+30"]

1. e4 e5 2. f4 d5 3. exd5 exf4 4. Nf3 Nf6 5. c4 c6 6. d4 Bb4+ 7. Bd2 Bxd2+ 8. Qxd2 O-O 9. Nc3 cxd5 10. Be2 Nc6 11. O-O dxc4 12. Bxc4 Bg4 13. Ne2 Qb6 14. a3 Rad8 15. Rad1 Bxf3 16. Rxf3 Ne5 17. Rb3 Nxc4 18. Rxb6 Nxd2 19. Rxb7 Nc4 20. Nxf4 Rb8 21. Rxa7 Rxb2 22. d5 Ne3 23. Rd3 Nfg4 24. Rb7 Rxb7 {0-} 0-1

[Event "45th FIDE Olympiad 2024"]
[Site "Budapest"]
[Date "2024.09.19"]
[Round "8.41"]
[White "Anton Guijarro, David"]
[Black "Bjerre, Jonas Buhl"]
[Result "0-1"]
[ECO "E07"]
[WhiteElo "2665"]
[BlackElo "2648"]
[Annotator "TA"]
[PlyCount "80"]
[EventDate "2024.09.05"]
[EventType "team-tourn"]
[EventCountry "HUN"]
[SourceTitle "playchess.com"]
[Source "ChessBase"]
[SourceQuality "1"]
[WhiteTeam "Spain"]
[BlackTeam "Denmark"]
[WhiteTeamCountry "ESP"]
[BlackTeamCountry "DEN"]
[TimeControl "40/5400+30:1800+30"]

1. c4 Nf6 2. Nf3 e6 3. g3 d5 4. Bg2 Be7 5. O-O O-O 6. d4 c6 7. b3 b6 8. Bb2 Nbd7 9. Re1 a5 10. Nfd2 b5 11. c5 {[%emt 0:02:45] The position is equal.} e5 12. a3 Qc7 13. e3 Re8 14. Nc3 h5 15. b4 exd4 16. exd4 Nf8 17. Nf3 Bg4 18. Qd3 Bxf3 19. Bxf3 Ne6 20. h4 Bf8 21. Re2 g6 22. Rae1 Bg7 23. Kg2 axb4 24. axb4 Qd7 25. Kg1 Ng4 26. Nd1 Ra4 27. Qb3 (27. Qd2 $15) 27... Rea8 (27... Nxd4 $2 {loses.} 28. Rxe8+ Kh7 29. Bxd4 Bxd4 30. R1e7 $18) 28. Rd2 Ra2 {[%emt 0:00:53][%cal Oa8a3] White must now prevent ...R8a3!} 29. Bxg4 hxg4 30. Qc3 Nc7 {[%emt 0:04:04][%cal Be6c7,Bc7e8,Be8f6,Bf6e4,Be4d2,Bd2f3][%mdl 32] Black has more active pieces.} 31. Ne3 (31. Qc2 $142) 31... Ne8 $17 32. Rdd1 (32. Bc1 $17) 32... Nf6 $19 33. Ra1 Ne4 34. Qb3 R2a4 35. Kg2 Nd2 36. Qd3 {[%emt 0:00:35] [#] Rxa4 would now be deadly.} Nf3 {[%emt 0:00:09][%cal Oa4a1] ...Rxa1! is the strong threat.} 37. Rh1 (37. Red1 $142) 37... Rxa1 38. Bxa1 Qe6 39. Bc3 $2 (39. Rd1) 39... Ra3 40. Nc2 {[%emt 0:00:43] [#]} Rxc3 $1 {[%emt 0:01:21][%mdl 512] Weighted Error Value: White=0.51/Black=0.04 (flawless) .  Mistake:       	White=5     	---        Inaccurate:     	White=2     	---        OK:         	White=8     	Black=13     Best:        	---       	Black=2} 0-1

[Event "45th FIDE Olympiad 2024"]
[Site "Budapest"]
[Date "2024.09.19"]
[Round "8.41"]
[White "Ebosse, Kingue Victor Patric"]
[Black "Sihlongonyane, Sikhanyiso"]
[Result "1/2-1/2"]
[WhiteElo "2014"]
[BlackElo "1813"]
[PlyCount "82"]
[EventDate "2024.09.05"]
[EventType "team-tourn"]
[EventCountry "HUN"]
[WhiteTeam "Cameroon"]
[BlackTeam "Eswatini"]
[WhiteTeamCountry "CAM"]
[TimeControl "40/5400+30:1800+30"]

1. e4 c5 2. Nf3 Nc6 3. Bc4 e6 4. d4 cxd4 5. Nxd4 a6 6. Nc3 Qc7 7. Nxc6 Qxc6 8. Qe2 Nf6 9. Bd2 Be7 10. e5 Ng8 11. O-O-O d6 12. f4 d5 13. Bd3 Bd7 14. Rhf1 O-O-O 15. g4 Bc5 16. f5 Ne7 17. f6 gxf6 18. Rxf6 Be8 19. h4 Ng6 20. h5 Nf8 21. Rf4 Nd7 22. b4 Be7 23. b5 Ba3+ 24. Kb1 Qc7 25. Ra4 Be7 26. bxa6 Nb6 27. axb7+ Kxb7 28. Rf4 Bg5 29. Rf3 Bxd2 30. Rxd2 Qc5 31. Bb5 Bxb5 32. Qxb5 Qxb5+ 33. Nxb5 Nc4 34. Re2 Kb6 35. Nd4 Rd7 36. Rb3+ Kc7 37. a4 Ra8 38. Nb5+ Kc6 39. Nd4+ Kc7 40. Nb5+ Kc6 41. Nd4+ Kc7 1/2-1/2

[Event "45th FIDE Olympiad 2024"]
[Site "Budapest"]
[Date "2024.09.19"]
[Round "8.42"]
[White "Andersen, Mads"]
[Black "Vallejo Pons, Francisco"]
[Result "1/2-1/2"]
[ECO "B15"]
[WhiteElo "2598"]
[BlackElo "2657"]
[Annotator "TA"]
[PlyCount "60"]
[EventDate "2024.09.05"]
[EventType "team-tourn"]
[EventCountry "HUN"]
[SourceTitle "playchess.com"]
[Source "ChessBase"]
[SourceQuality "1"]
[WhiteTeam "Denmark"]
[BlackTeam "Spain"]
[WhiteTeamCountry "DEN"]
[BlackTeamCountry "ESP"]
[TimeControl "40/5400+30:1800+30"]

1. e4 c6 2. Nf3 d5 3. Nc3 g6 4. d4 Bg7 5. h3 Nf6 6. e5 Ne4 7. a4 c5 8. Bb5+ Nc6 9. dxc5 {[%emt 0:12:09] White has an edge.} Nxc3 10. bxc3 O-O 11. Bf4 Qc7 12. Qxd5 Bf5 13. O-O (13. Bxc6 $5 Rad8 14. Qc4 Qxc6 15. O-O $11) 13... Rad8 14. Qb3 Be4 15. Be2 Nxe5 16. Nxe5 Bxe5 17. Bh6 Bg7 18. Be3 (18. Bxg7 {simplifies} Kxg7 19. Qb4 Bxc2 20. a5) 18... Qe5 19. Rab1 Rd7 20. Bb5 Rc7 21. Rfe1 Qf5 {[%emt 0:02:32] [#]} 22. Bd3 Bxd3 23. cxd3 Qxd3 24. Bf4 Rxc5 25. Rxe7 b6 26. Rxa7 Rxc3 27. Qb5 (27. Qxb6 $2 {perishes.} Bd4 28. Rd7 Bxb6 $19 (28... Bxf2+ $2 29. Qxf2 Qxb1+ 30. Kh2 $19)) 27... Bd4 28. Qxd3 Rxd3 {[%emt 0:00:03] The position is equal.} 29. Be3 Bxe3 30. fxe3 Rxe3 {[%emt 0:01:42] Weighted Error Value: White=0.08 (flawless) /Black=0.08 (flawless) .  Inaccurate:     	White=2     	Black=2      OK:         	White=6     	Black=5      Best:        	White=2     	Black=4} 1/2-1/2

[Event "45th FIDE Olympiad 2024"]
[Site "Budapest"]
[Date "2024.09.19"]
[Round "8.42"]
[White "Dlamini, Simphiwe"]
[Black "Zebaze, Dongmo Loic Dylane"]
[Result "0-1"]
[WhiteElo "1747"]
[BlackElo "1914"]
[PlyCount "106"]
[EventDate "2024.09.05"]
[EventType "team-tourn"]
[EventCountry "HUN"]
[WhiteTeam "Eswatini"]
[BlackTeam "Cameroon"]
[BlackTeamCountry "CAM"]
[TimeControl "40/5400+30:1800+30"]

1. e4 e6 2. d3 d5 3. Nd2 Nf6 4. e5 Nfd7 5. f4 c5 6. Be2 Nc6 7. Ngf3 Be7 8. Nf1 b6 9. Ng3 g6 10. c4 dxc4 11. dxc4 Bb7 12. Be3 Qc7 13. Qc2 Rd8 14. Rd1 O-O 15. O-O f6 16. Nh4 Kg7 17. f5 fxe5 18. fxg6 Bxh4 19. Nh5+ Kg8 20. gxh7+ Kh8 21. Bh6 Nf6 22. Bg7+ Qxg7 23. Nxg7 Kxg7 24. Rxd8 Rxd8 25. Qc3 Nd4 26. Bd1 Nxh7 27. Qh3 Bg5 28. Qg4 Kh8 29. Rf7 Rg8 30. Rxb7 Be3+ 31. Kh1 Rxg4 32. Bxg4 Nf6 33. Bf3 e4 34. Bd1 Bc1 35. Rf7 Ng8 36. b3 e3 37. Rf1 Bd2 38. g3 Bc3 39. Kg2 Kg7 40. Rf4 Nf6 41. Kf1 e5 42. Rh4 Nf5 43. Rh3 Ne4 44. Bc2 Nd4 45. Bd3 Nf2 46. Rh7+ Kg8 47. Bg6 e2+ 48. Kxf2 e1=Q+ 49. Kg2 Qe2+ 50. Kh3 Qf1+ 51. Kg4 Qf3+ 52. Kh3 Ne6 53. Rxa7 Nf4+ {0-} 0-1

[Event "45th FIDE Olympiad 2024"]
[Site "Budapest"]
[Date "2024.09.19"]
[Round "8.43"]
[White "Pichot, Alan"]
[Black "Thybo, Jesper Sondergaard"]
[Result "1-0"]
[ECO "C54"]
[WhiteElo "2628"]
[BlackElo "2555"]
[Annotator "TA"]
[PlyCount "95"]
[EventDate "2024.09.05"]
[EventType "team-tourn"]
[EventCountry "HUN"]
[SourceTitle "playchess.com"]
[Source "ChessBase"]
[SourceQuality "1"]
[WhiteTeam "Spain"]
[BlackTeam "Denmark"]
[WhiteTeamCountry "ESP"]
[BlackTeamCountry "DEN"]
[TimeControl "40/5400+30:1800+30"]

1. e4 e5 2. Nf3 Nc6 3. Bc4 Bc5 4. c3 Nf6 5. d3 d6 6. b4 Bb6 7. a4 a5 8. b5 Ne7 9. Nbd2 O-O 10. O-O Ng6 11. d4 h6 12. Re1 Re8 13. Bb2 {[%emt 0:34:32] White has an edge.} c6 14. h3 exd4 15. cxd4 d5 16. e5 (16. exd5 {simplifies} cxd5 17. Rxe8+ Nxe8 18. Bf1) 16... Nd7 (16... dxc4 $11 17. exf6 cxb5 18. axb5 Be6 (18... gxf6 19. d5 $14)) 17. Bd3 $14 Nf4 18. Bf1 c5 19. Rc1 c4 20. g3 Ng6 21. Nb1 {[%emt 0:00:27] White is more active.} Ndf8 22. Nc3 Bf5 23. Ba3 {[%emt 0:00:54] Repels Re7} Qd7 24. Kh2 Bd8 (24... Rad8 $14) 25. Bxf8 (25. Bd6 $16 Be6 26. Bg2) 25... Rxf8 $11 26. Bg2 Be7 27. Nd2 Ba3 {[%emt 0:01:00] [#]} (27... Be6 $11) 28. Nxd5 ({Better is} 28. Ra1 $1 $16 Bb2 29. Nxd5) 28... Bxc1 $14 29. Qxc1 (29. Nxc4 $5 Bg5 30. Ncb6 $11) 29... Be6 30. Nb6 {[%emt 0:02:10] A dynamic duo of knights.} (30. Qxc4 $2 Rac8 (30... Rad8 31. Nb6 $17) 31. Nb6 Qd8 $19) 30... Qxd4 31. Nxa8 Rxa8 32. f4 {[%emt 0:00:22][%cal Od2e4] Black should prevent Ne4!} c3 33. Ne4 Qxa4 34. Nxc3 (34. Nd6 $5 Qb4 (34... Qd4 35. f5 $16) 35. f5 Nxe5 36. fxe6 Qxd6 37. Qxc3 $11 (37. Bxb7 Qd2+ 38. Qxd2 cxd2 $11)) 34... Qd4 (34... Qb4 $11 {keeps the balance.}) 35. Rd1 ({Of course not} 35. Bxb7 $6 Rc8 (35... Qf2+ 36. Bg2 $16) 36. Re3 (36. Bxc8 Qf2+ 37. Kh1 Qf3+ 38. Kh2 Qf2+ 39. Kh1 Qf3+ 40. Kh2 Qf2+ $11) 36... Rc4 $11) (35. Qe3 $16 Qxe3 36. Rxe3) 35... Qb6 (35... Qb4 $11 {remains equal.}) 36. Rd6 $36 {[%emt 0:00:43][%mdl 2048] White has strong initiative.} Qc5 37. Qd2 Rc8 {[%emt 0:00:35] This costs Black the game.} (37... Rb8 $16) 38. Bxb7 $18 Rb8 39. Be4 {[%emt 0:00:28] Strongly threatening Bxg6.} Nf8 40. Qd4 Qxd4 (40... Qb4 $142 41. Bd3 Qb2+ 42. Ne2 Rxb5) 41. Rxd4 Bb3 42. Rd6 Ne6 43. b6 Nc5 44. Bf3 a4 (44... Kh7 {was called for.} 45. Bd5 a4 46. Bxb3 axb3) 45. Rc6 {[%emt 0:00:00] White is clearly winning.} Nd7 {[%emt 0:08:00] [#]} (45... Nb7 $142 46. Rc7 Nd8) 46. b7 $1 a3 (46... Kh7 47. Ra6) 47. Ra6 a2 48. Nxa2 {[%emt 0:00:00] Weighted Error Value: White=0.17 (very precise) /Black=0.38.  Mistake:       	White=3     	Black=9      Inaccurate:     	White=4     	Black=2      OK:         	White=15    	Black=12     Best:        	White=2     	Black=2      Brilliant:      	White=1     	---} 1-0

[Event "45th FIDE Olympiad 2024"]
[Site "Budapest"]
[Date "2024.09.19"]
[Round "8.43"]
[White "Amba, Oyon Marius Claude"]
[Black "Mbongeni, Mabuza"]
[Result "1/2-1/2"]
[WhiteElo "1975"]
[BlackElo "1784"]
[PlyCount "72"]
[EventDate "2024.09.05"]
[EventType "team-tourn"]
[EventCountry "HUN"]
[WhiteTeam "Cameroon"]
[BlackTeam "Eswatini"]
[WhiteTeamCountry "CAM"]
[TimeControl "40/5400+30:1800+30"]

1. e4 c6 2. Nf3 g6 3. d4 Bg7 4. c3 Nf6 5. e5 Nd5 6. Bc4 d6 7. O-O O-O 8. Bb3 Bg4 9. exd6 Qxd6 10. h3 Bxf3 11. Qxf3 e5 12. dxe5 Qxe5 13. Rd1 Nf6 14. Na3 Na6 15. Nc4 Qe4 16. Qxe4 Nxe4 17. Be3 b6 18. Rd7 Nac5 19. Bxc5 Nxc5 20. Rc7 Rfc8 21. Rxc8+ Rxc8 22. Rd1 Nxb3 23. axb3 b5 24. Na5 b4 25. c4 Bxb2 26. Rd7 c5 27. Kf1 Bc3 28. Rxa7 Re8 29. f4 Re1+ 30. Kf2 Ra1 31. g4 Bd4+ 32. Kg2 Rg1+ 33. Kf3 Rh1 34. Kg2 Rg1+ 35. Kf3 Rh1 36. Kg2 Rg1+ 1/2-1/2

[Event "45th FIDE Olympiad 2024"]
[Site "Budapest"]
[Date "2024.09.19"]
[Round "8.44"]
[White "Olsen, Filip Boe"]
[Black "Santos Latasa, Jaime"]
[Result "0-1"]
[ECO "E11"]
[WhiteElo "2441"]
[BlackElo "2624"]
[Annotator "TA"]
[PlyCount "208"]
[EventDate "2024.09.05"]
[EventType "team-tourn"]
[EventCountry "HUN"]
[SourceTitle "playchess.com"]
[Source "ChessBase"]
[SourceQuality "1"]
[WhiteTeam "Denmark"]
[BlackTeam "Spain"]
[WhiteTeamCountry "DEN"]
[BlackTeamCountry "ESP"]
[TimeControl "40/5400+30:1800+30"]

1. d4 e6 2. c4 Nf6 3. Nf3 d5 4. g3 Bb4+ 5. Bd2 Be7 6. Bg2 O-O 7. O-O c6 8. Qc2 Nbd7 9. Bf4 h6 {[%emt 0:00:39] E11: Bogo-Indian.} 10. Rd1 a5 11. Nc3 dxc4 12. Nd2 {[%emt 0:00:41] 12.e4 is vanishing.} Nb6 13. e4 a4 14. a3 Bd7 15. Nf3 c5 16. d5 exd5 17. exd5 Re8 18. Ne5 Bf8 19. h4 Qc8 20. Nxd7 Qxd7 21. d6 Nc8 $146 ({Predecessor:} 21... g6 22. Bf3 Rad8 23. Qc1 Kh7 24. Qc2 Kg8 25. Qc1 Kh7 26. Qc2 Kg8 {½-½ Thybo,J (2539)-Dragnev,V (2586) Bundesliga 2324 2023 (15.5)}) 22. Nd5 Nxd5 23. Rxd5 Nxd6 24. Rad1 Ra6 25. Qd2 Rd8 26. Bf3 Qb5 27. Kg2 Rb6 28. Be5 f6 29. Bc3 Re8 30. Qf4 Re6 31. g4 Qe8 32. R5d2 Kh8 33. Bd5 Re7 34. Bf3 Re6 35. Kf1 Ra6 36. g5 fxg5 37. hxg5 hxg5 38. Qh2+ Kg8 39. Bd5 Nf7 40. Bxe6 (40. Bxc4 $6 b5 41. Bxe6 Qxe6 $15) (40. Bxb7 $16 Rh6 41. Qg2) 40... Rxe6 41. Qc7 b5 42. Qb7 ({White should play} 42. Rd8 $1 $15 Nxd8 43. Rxd8) 42... Re4 $1 $19 43. Qd7 {[%emt 0:01:45] [#]} (43. f3 $142 Rh4 44. Kf2 (44. Rd7 $2 Rh1+ 45. Kf2 Rh2+ 46. Kg1 Re2 $19)) 43... b4 $1 $19 44. Qxe8 Rxe8 45. axb4 cxb4 46. Bd4 Nd6 47. Ra1 {[%emt 0:01:55] [#]} (47. Re2 $17) 47... Ra8 $1 $19 48. Re2 (48. Rc2 {might work better.}) 48... Nb5 49. Be5 a3 50. bxa3 c3 ({Not} 50... bxa3 51. Rb1 Ra5 52. Rd2 $15) ({Much less strong is} 50... Rxa3 51. Rxa3 Nxa3 (51... bxa3 52. Rc2 $11) 52. Re4 $15) 51. a4 b3 52. Bxc3 $2 (52. Ree1 {nothing else works.} b2 53. Rab1 Rxa4 54. Bxc3 Nxc3 55. Rxb2) 52... Nxc3 $19 53. Rb2 Rxa4 $2 (53... Nxa4 $2 54. Rxb3 Nc5 55. Rxa8 $19) (53... Ne4 $19 54. Rd1 Rxa4 55. Rxb3 Ra2) 54. Rxa4 $17 Nxa4 55. Rxb3 Nc5 56. Re3 $2 (56. Rb6 $17) 56... Bd6 $19 57. Kg2 $2 (57. f3) 57... Kf7 $19 58. Kf3 Nd7 59. Rb3 Nf6 60. Rb5 Kg6 61. Rb7 g4+ 62. Kg2 Be5 63. Ra7 Nh5 64. Ra4 Kf5 65. Ra5 Nf4+ 66. Kg3 Ng6+ 67. Kg2 Nh4+ 68. Kf1 Ke4 69. Ra4+ Bd4 70. Rb4 Ng6 71. Kg2 Nf4+ 72. Kg3 Nd3 73. Ra4 Nxf2 74. Ra5 Be3 75. Rb5 Nd3 76. Kxg4 Ne5+ 77. Kh5 Kf5 78. Ra5 Bf4 79. Rb5 Bg3 80. Ra5 g6+ 81. Kh6 Bf4+ 82. Kg7 g5 83. Kh6 g4+ 84. Kh5 g3 85. Ra2 Nf3 86. Re2 Be5 87. Rg2 Kf4 88. Re2 Bd4 89. Rg2 Bf2 90. Rxg3 Bxg3 91. Kg6 Ke5 92. Kf7 Bh4 93. Ke8 Ke6 94. Kf8 Ne5 95. Ke8 Bf6 96. Kf8 Nc4 97. Ke8 Nd6+ 98. Kf8 Kf5 99. Kg8 Kg6 100. Kf8 Bg5 101. Kg8 Bh6 102. Kh8 Ne4 103. Kg8 Nf6+ 104. Kh8 Bg7# 0-1

[Event "45th FIDE Olympiad 2024"]
[Site "Budapest"]
[Date "2024.09.19"]
[Round "8.44"]
[White "Nxumalo, Vuyo"]
[Black "Makem, Pierre"]
[Result "1/2-1/2"]
[WhiteElo "1746"]
[BlackElo "1860"]
[PlyCount "145"]
[EventDate "2024.09.05"]
[EventType "team-tourn"]
[EventCountry "HUN"]
[WhiteTeam "Eswatini"]
[BlackTeam "Cameroon"]
[BlackTeamCountry "CAM"]
[TimeControl "40/5400+30:1800+30"]

1. e4 e6 2. Nf3 b6 3. d4 Bb7 4. Nbd2 c5 5. c3 Nc6 6. d5 Nce7 7. Nc4 Ng6 8. h4 h5 9. Bd3 Qc7 10. Bc2 exd5 11. exd5 O-O-O 12. O-O Bd6 13. Nxd6+ Qxd6 14. c4 Re8 15. g3 Nh6 16. Bxh6 gxh6 17. a4 a5 18. Qd3 Rhg8 19. Rfe1 Rxe1+ 20. Rxe1 Qf6 21. Qf5 Qg7 22. Ne5 Nxe5 23. Rxe5 f6 24. Re3 Qg4 25. Re7 Rg7 26. Qxg4 Rxg4 27. d6 Bc6 28. b3 Rd4 29. Re8+ Kb7 30. Kf1 Rd2 31. Be4 Rxd6 32. Bxc6+ Kxc6 33. Rh8 Rd3 34. Rxh6 Rxb3 35. Rxh5 Rb4 36. Rf5 Rxa4 37. Rf4 Ra1+ 38. Ke2 a4 39. Rxf6+ d6 40. h5 a3 41. Rf3 a2 42. Ra3 Rh1 43. Rxa2 Rxh5 44. g4 Re5+ 45. Kf3 d5 46. cxd5+ Rxd5 47. Re2 c4 48. Ke4 b5 49. f4 c3 50. Rh2 Rd2 51. Rh8 c2 52. Ke3 Rg2 53. g5 Kd7 54. Rh1 b4 55. Kd3 b3 56. Kc3 Rg3+ 57. Kb2 Rd3 58. Kc1 Rf3 59. Rg1 Ke7 60. Kb2 Kf7 61. f5 Rd3 62. g6+ Kg7 63. Kc1 Rd7 64. Rh1 Kf6 65. Rf1 Rd8 66. Rg1 Rd7 67. Rf1 Kg7 68. Rh1 Rd3 69. Rf1 Kf6 70. Rg1 Rd7 71. Rf1 Rd6 72. Rg1 Kg7 73. Rf1 1/2-1/2

[Event "45th FIDE Olympiad 2024"]
[Site "Budapest"]
[Date "2024.09.19"]
[Round "8.45"]
[White "Peralta, Fernando"]
[Black "Ivanchuk, Vasyl"]
[Result "0-1"]
[ECO "D18"]
[WhiteElo "2558"]
[BlackElo "2635"]
[Annotator "TA"]
[PlyCount "114"]
[EventDate "2024.09.05"]
[EventType "team-tourn"]
[EventCountry "HUN"]
[SourceTitle "playchess.com"]
[Source "ChessBase"]
[SourceQuality "1"]
[WhiteTeam "Argentina"]
[BlackTeam "Ukraine"]
[WhiteTeamCountry "ARG"]
[BlackTeamCountry "UKR"]
[TimeControl "40/5400+30:1800+30"]

1. d4 d5 2. c4 c6 3. Nf3 Nf6 4. Nc3 dxc4 5. a4 Bf5 6. e3 e6 7. Bxc4 Bb4 8. O-O O-O 9. Nh4 Nbd7 10. h3 Qe7 {[%emt 0:05:17] D18: Slav Defence: 5 a4 Bf5 6 e3.} 11. Nxf5 exf5 12. Qf3 g6 13. g4 fxg4 14. hxg4 Rae8 15. a5 $146 ({Predecessor:} 15. Kg2 Kg7 16. Rh1 h5 17. gxh5 Nxh5 18. Bd2 f5 19. Rag1 Ndf6 20. Kf1 Bxc3 21. Bxc3 {1-0 Garriga Cazorla,P (2472)-Sargsyan,A (2380) Titled Tuesday intern op 01st Mar Early blitz 2022 (10)}) 15... Qd8 16. Kg2 Bxc3 17. bxc3 Re4 18. Rg1 Rxg4+ 19. Kf1 Rxg1+ (19... Rh4 $17 {Hoping for ...Ne4.} 20. Qg2 Re8) 20. Kxg1 $11 Re8 21. Bb2 {[%emt 0:03:44] [#]} (21. Bd3 $1 $11) 21... Re4 $1 $17 22. Bf1 Rg4+ 23. Bg2 h5 24. Qe2 h4 25. Kh1 Ne4 26. Bxe4 Rxe4 27. c4 Nf6 28. Rg1 (28. Rd1 $17) 28... Re6 $2 (28... Qxa5 29. Qf3 Qb6 30. Qxf6 Qxb2 31. Rxg6+ fxg6 32. Qxg6+ Kf8 33. Qf5+ Kg7 34. Qg5+ Kh7 35. Qf5+ Kg7 36. Qg5+ Kf8 37. Qf5+ Kg7 $11) (28... Qc8 $19 29. Qf3 Ng4) 29. Bc3 (29. Qf3 $11 {keeps the balance.}) 29... Ne4 30. Be1 Qf6 31. Rg4 Qf5 (31... Ng5 $17 {White must now prevent ...Nf3.} 32. d5 cxd5 33. cxd5 Re8) 32. Rxh4 $15 Ng5 33. Kg2 Re4 34. Rxe4 $2 (34. f4 $11 {and White is okay.}) 34... Qh3+ $19 (34... Qxe4+ 35. f3 Qf5 36. Bg3 $11) 35. Kg1 Nf3+ (35... Nxe4 36. f3 Ng5 37. Kf2 $11) 36. Qxf3 Qxf3 37. Re8+ Kg7 38. Bb4 g5 39. Re7 Qg4+ 40. Kf1 Qd1+ 41. Kg2 Qb1 42. Bd6 Qb3 43. Bc5 (43. c5 $142) 43... b6 $19 (43... Qxc4 44. Rxb7 Qd5+ 45. Kg1 $15) 44. Rb7 Qxc4 45. axb6 axb6 46. Rxb6 f6 47. e4 (47. Rb7+ $142 Kg6 48. Re7) 47... Qe2 $19 48. Rb7+ Kg6 49. Re7 g4 50. Re8 Qf3+ 51. Kg1 Kg5 52. Rg8+ $2 (52. Re7) 52... Kf4 $19 53. Re8 Qb3 54. Rf8 {[%emt 0:01:18] [#]} Qe6 $1 ({Weaker is} 54... Kxe4 55. Rxf6 Kd5 56. Rf8 $15) 55. d5 Qe5 ({And not} 55... Qxe4 56. Rxf6+ Kg5 57. Rxc6 $11) 56. Be3+ Kf3 57. dxc6 Qa1+ 0-1

[Event "45th FIDE Olympiad 2024"]
[Site "Budapest"]
[Date "2024.09.19"]
[Round "8.45"]
[White "Al-Hajiri, Bader"]
[Black "Van Bemmelen, Ursus"]
[Result "1-0"]
[WhiteElo "1947"]
[BlackElo "2146"]
[Annotator "RC"]
[PlyCount "61"]
[EventDate "2024.09.05"]
[EventType "team-tourn"]
[EventCountry "HUN"]
[WhiteTeam "Kuwait"]
[BlackTeam "Netherlands Antilles"]
[WhiteTeamCountry "KUW"]
[BlackTeamCountry "AHO"]
[TimeControl "40/5400+30:1800+30"]

1. e4 c5 2. Nf3 e6 3. Nc3 a6 4. d4 cxd4 5. Nxd4 Qc7 6. Bd3 Nf6 7. O-O Nc6 8. Nxc6 bxc6 9. Qe2 d5 10. b3 Bb4 11. Bb2 O-O 12. e5 Nd7 13. Na4 Re8 14. f4 g6 15. Qg4 Bf8 16. c4 Bg7 17. Rac1 Qa7+ 18. Kh1 a5 19. Rf3 Ba6 20. h4 dxc4 21. bxc4 Rab8 22. Ba3 Qd4 23. Rg3 Bf8 24. Bxf8 Kxf8 25. h5 Rb4 26. hxg6 hxg6 27. Qg5 Nxe5 28. fxe5 Rxa4 29. Rh3 Qd8 30. Rh8+ Kg7 31. Qh6# 1-0